 Dungeon Crawl Stone Soup version 0.31-a0-845-g9abc20d24f (webtiles) character file.

Game seed: 16154163508459174552

252 mcwallace the Ruffian (level 5, -2/50 HPs)
             Began as a Troll Shapeshifter on Oct 1, 2023.
             Slain by a bullfrog (7 damage)
             ... in a sewer.
             The game lasted 00:03:47 (2250 turns).

mcwallace the Ruffian (Troll Shapeshifter)          Turns: 2250, Time: 00:03:47

Health: -2/50      AC:  4    Str: 22    XL:     5   Next: 89%
Magic:  4/4        EV: 10    Int:  8    God:
Gold:   156        SH:  0    Dex:  9    Spells: 4/4 levels left

rFire   . .          .
                       - Unarmed
rCold   . . .        (no shield)
rNeg    . . .        a - +0 animal skin
rPois   .            (helmet currently unavailable)
rElec   .            (cloak currently unavailable)
rCorr   .            (gloves unavailable)
SInv    .            (boots unavailable)
Will    +....        (no amulet)
Stlth   +            (no ring)
HPRegen 1.08/turn    (no ring)
MPRegen 0.09/turn

%: no passive effects
@: beast-form, enlightened, flying
A: beast (slay +2), large, unfitting armour, claws 3, regeneration 1, shaggy fur
1, tough skin 1
a: Begin Untransformation


You were in a sewer.
You were a hulking beast.
You visited 1 branch of the dungeon, and saw 3 of its levels.
You also visited: Sewer.

You collected 156 gold pieces.


Innate Abilities, Weirdness & Mutations

You are a hulking beast.
Your limbs bulge with bestial killing power. (Slay +2)
You are too large for most types of armour.
You have claws for hands.
Your natural rate of healing is unusually fast.
You are covered in fur. (AC +1)
You have tough skin. (AC +1)


   Skills:
 + Level 2.3 Fighting
 + Level 2.9 Dodging
 + Level 4.1 Unarmed Combat
 + Level 4.1 Shapeshifting


You had 4 spell levels left.
You didn't know any spells.
Your spell library contained the following spells:

 Spells                   Type           Power      Damage    Failure   Level
 Apportation              Tloc           0%         N/A       41%         1
 Necrotise                Necr           0%         1d4       41%         1
 Summon Small Mammal      Summ           0%         N/A       41%         1

Inventory:

Missiles
 o - 16 stones {throwing}
 u - 3 poisoned darts {throwing}
Armour
 a - a +0 animal skin (worn)
 g - a +0 robe
   (You found it on level 1 of the Dungeon)
 s - a +0 robe
   (You found it on level 2 of the Dungeon)
Talismans
 c - a beast talisman (active)
 d - a flux talisman
Scrolls
 e - a scroll of fear {unknown}
 f - 2 scrolls of identify {unknown}
 i - a scroll of fog {unknown}
 j - 2 scrolls of enchant armour {unknown}
 m - 3 scrolls of blinking {unknown}
 n - a scroll of torment {unknown}
 p - 2 scrolls of enchant weapon {unknown}
 q - a scroll of silence {unknown}
 r - a scroll of revelation {unknown}
 t - 2 scrolls of immolation {unknown}
Potions
 b - a potion of lignification {!q}
 h - a potion of enlightenment
 k - 2 potions of mutation {unknown}
 l - a potion of haste {unknown}
 v - a potion of might {unknown}
 w - a potion of curing {unknown}
 x - a potion of ambrosia {unknown}

Dungeon Overview and Level Annotations

Branches:
Dungeon (3/15) Zot: 16030   Sewer (1/1) Zot: 5734

Altars:
Fedhas

######################
###..≈~≈≈≈≈≈SSS≈≈≈~≈S...
##....≈≈≈≈~#ShFS#~~≈S~F..
#.....≈≈≈~~~#lF#~~≈≈~~S..
#....~~~~~≈~≈S≈~≈~~~#l...
##....~≈≈≈≈≈≈≈≈≈≈~~~≈≈~...
#.....#~≈≈≈≈≈≈≈≈≈≈≈≈~≈....
#....####################+
##...#### #....#..#
#....'..#


You could see 2 bullfrogs, 3 adders, 3 ball pythons and a frilled lizard.


Message History

Key pressed, stopping explore.
No target in view!
You enter the shallow water.
A ball python comes into view.
No reachable target in view!
A ball python is nearby!
No reachable target in view!
No reachable target in view!
No reachable target in view!
No reachable target in view!
A ball python is nearby!
A ball python is nearby!
A ball python is nearby!
No reachable target in view!
No reachable target in view!
Unknown command.
No reachable target in view! 2 ball pythons and an adder come into view.
The ball python hisses angrily. x2; You hear an angry hiss.
An adder comes into view.
A frilled lizard comes into view.
The ball python moves out of view.
An adder comes into view. 2 bullfrogs and an adder come into view.
The ball python hisses angrily.
The frilled lizard hisses angrily.
The adder hisses angrily.
The bullfrog gives a loud, deep croak!
You hear an angry hiss.
The adder hisses angrily.
Why would you want to do that? The adder attacks as it pursues you!
The adder closely misses you. The adder bites you but does no damage.
You scratch the adder. The adder bites you but does no damage.
The adder bites you.
The ball python bites you but does no damage. 😕 HP[-3]
You take 3 damage, and now have 47/50 hp.
You closely miss the bullfrog. The adder barely misses you.
The adder misses you.
The bullfrog closely misses you. 😕 HP[+1]
You scratch the bullfrog. The adder bites you. The bullfrog hits you.
The adder bites you. x2; The adder misses you. 😕 HP[-9]
You take 9 damage, and now have 39/50 hp.
You claw the bullfrog! You claw the bullfrog. The bullfrog barely misses you.
The adder bites you but does no damage. The adder bites you.
You are poisoned.
The adder poisons you! The adder closely misses you.
The bullfrog barely misses you. The adder bites you but does no damage.
The ball python bites you. 😮 HP[-3]
You take 3 damage, and now have 36/50 hp.
You miss the adder. Your claw misses the adder.
You feel sick. The adder bites you but does no damage. The adder bites you.
The bullfrog closely misses you. The adder barely misses you.
The ball python bites you. 😮 HP[-2]
You take 2 damage, and now have 34/50 hp.
You completely miss the adder.
You feel sick. The adder bites you. The adder bites you but does no damage.
The bullfrog closely misses you. The bullfrog barely misses you.
The adder bites you. The adder completely misses you.
The adder barely misses you.
The bullfrog closely misses you. 😮 HP[-5]
You take 5 damage, and now have 29/50 hp.
You closely miss the adder.
You feel sick. The bullfrog hits you.
The adder barely misses you. x2; The adder closely misses you.
The adder bites you.
* * * LOW HITPOINT WARNING * * *
The bullfrog hits you!
* * * LOW HITPOINT WARNING * * *
The bullfrog completely misses you. 😨 HP[-11]
You take 11 damage, and now have 18/50 hp.
MASSIVE DAMAGE!! (PAUSE)
You completely miss the adder.
You feel sick. The adder barely misses you.
The adder bites you but does no damage. The bullfrog hits you!
* * * LOW HITPOINT WARNING * * *
The adder bites you but does no damage. The bullfrog closely misses you.
The adder closely misses you. The adder barely misses you.
The adder misses you. 😱 HP[-7]
You take 7 damage, and now have 11/50 hp.
You claw the adder!
You kill the adder!
You feel sick.
You are no longer poisoned.
The bullfrog hits you.
* * * LOW HITPOINT WARNING * * *
The bullfrog hits you.
* * * LOW HITPOINT WARNING * * *
The adder bites you but does no damage. The adder closely misses you.
The bullfrog closely misses you. 😱 HP[-5]
You take 5 damage, and now have 6/50 hp.
It was a potion of enlightenment.
You feel very buoyant.
You fly up into the air.
The bullfrog hits you but does no damage.
The adder bites you but does no damage. The adder bites you.
* * * LOW HITPOINT WARNING * * *
The adder bites you but does no damage. The bullfrog hits you!
You die...

Skill      XL: |  1  2  3  4  5 |
---------------+----------------+-----
Fighting       | 1 2 |  2.3
Dodging        | 2 |  2.9
Unarmed Combat | 4 |  4.1
Shapeshifting  | 4 |  4.1

Action                     |  1- 3 |  4- 6 || total
---------------------------+-------+-------++-------
  Melee: Unarmed           |    89 |   136 ||   225
         Punch             |     2 |     3 ||     5
    Use: Potion            |       |     1 ||     1
 Armour: Animal skin       |    42 |   132 ||   174
  Dodge: Dodged            |    43 |   116 ||   159

Levels and vault maps discovered:
D:1:      minmay_arrival_widening_spiral_narrow, layout_rooms,
          hangedman_glass_teeth, serial_park_tiny_1, minmay_stone_trees_small,
          minmay_pentomino_q4
D:2:      layout_basic, basic_altar, nicolae_ecumenical_pavilion,
          grunt_ministairs_1, minmay_bisected
D:3:      layout_loops_ring, gup_sewer_entry_glass
Sewer:    sewer_minmay_w

Notes
Turn   | Place    | Note
-------+----------+-------------------------------------------
     0 | D:1      | mcwallace the Troll Shapeshifter began the quest for the
                  | Orb.
     0 | D:1      | Reached XP level 1. HP: 18/18 MP: 0/0
     0 | D:1      | magus.rc [v1.9.6]
   129 | D:1      | Reached skill level 1 in Fighting
   192 | D:1      | Reached XP level 2. HP: 27/27 MP: 1/1
   691 | D:1      | Reached skill level 2 in Dodging
   846 | D:2      | Found a faded altar of an unknown god.
   901 | D:2      | Found a blossoming altar of Fedhas.
   913 | D:2      | Reached XP level 3. HP: 31/33 MP: 2/2
  1499 | D:2      | Reached XP level 4. HP: 41/41 MP: 3/3
  1943 | D:3      | Found a glowing drain.
  1948 | D:3      | You pick up a book of Cantrips and begin reading...
  1948 | D:3      | You add the spells Necrotise, Summon Small Mammal and
                  | Apportation to your library.
  1978 | Sewer    | Entered a sewer
  1996 | Sewer    | Reached skill level 2 in Fighting
  1996 | Sewer    | Reached XP level 5. HP: 44/49 MP: 4/4
  2096 | Sewer    | Reached skill level 4 in Unarmed Combat
  2159 | Sewer    | Reached skill level 4 in Shapeshifting
  2248 | Sewer    | HP: 11/50 [bullfrog (7)]
  2250 | Sewer    | HP: 5/50 [adder (2)]
  2250 | Sewer    | Slain by a bullfrog

Vanquished Creatures
  7 river rats (Sewer)
  10 adders
  2 worms (D:2)
  10 endoplasms
  6 giant cockroaches
  2 hobgoblins
  2 quokkas
  12 ball pythons
  6 bats
  8 frilled lizards
  11 goblins
  5 kobolds
  26 rats
107 creatures vanquished.

Table legend:
 A = Non-vault XP
 B = Vault XP
 C = Vault XP percentage of total XP
 D = Non-vault monster count
 E = Vault monster count
 F = Vault count percentage of total count
                 A         B        C        D         E       F
            +---------+---------+-------+---------+---------+-------
      Total |     155 |     206 |  57.1 |      51 |      56 |  52.3
            +---------+---------+-------+---------+---------+-------
        D:1 |      33 |       2 |   5.7 |      21 |       2 |   8.7
        D:2 |      55 |      12 |  17.9 |      17 |       5 |  22.7
        D:3 |      67 |      21 |  23.9 |      13 |       5 |  27.8
      Sewer |       0 |     171 | 100.0 |       0 |      44 | 100.0
            +---------+---------+-------+---------+---------+-------

Skill      XL: |  1  2  3  4  5 |
---------------+----------------+-----
Fighting       | 1 2 |  2.3
Dodging        | 2 |  2.9
Unarmed Combat | 4 |  4.1
Shapeshifting  | 4 |  4.1

Action                     |  1- 3 |  4- 6 || total
---------------------------+-------+-------++-------
  Melee: Unarmed           |    89 |   136 ||   225
         Punch             |     2 |     3 ||     5
    Use: Potion            |       |     1 ||     1
 Armour: Animal skin       |    42 |   132 ||   174
  Dodge: Dodged            |    43 |   116 ||   159

Illustrated notes

Table legend:
 A = Kills in this place as a percentage of kills in the entire game.
 B = Kills by you in this place as a percentage of kills by you in the entire game.
 C = Kills by friends in this place as a percentage of kills by friends in the entire game.
 D = Other kills in this place as a percentage of other kills in the entire game.
 E = Experience gained in this place as a percentage of experience gained in the entire game.
 F = Experience gained in this place divided by the number of levels of this place that you have seen.
                   A       B       C       D       E      F
               +-------+-------+-------+-------+-------+----------------------
         Total | 100.0 | 100.0 |   N/A |   N/A | 100.0 |  90.2
       Dungeon |  58.9 |  58.9 |   N/A |   N/A |  52.6 |  63.3
         Sewer |  41.1 |  41.1 |   N/A |   N/A |  47.4 | 171.0
               +-------+-------+-------+-------+-------+----------------------

Table legend: (Time is in decaauts)
 A = Elapsed time spent in this place.
 B = Non-inter-level travel time spent in this place.
 C = Inter-level travel time spent in this place.
 D = Time resting spent in this place.
 E = Time spent auto-exploring this place.
 F = Levels seen in this place.
 G = Mean time per level.
                   A        B        C        D        E       F      G
               +--------+--------+--------+--------+--------+-----+--------+
         Total |   2234 |   2081 |    153 |      0 |   1502 |   4 |  558.5 |
       Dungeon |   1969 |   1816 |    153 |      0 |   1376 |   3 |  656.3 |
         Sewer |    264 |    264 |      0 |      0 |    126 |   1 |  264.0 |
               +--------+--------+--------+--------+--------+-----+--------+

Top non-repeatable levels by time:
     D:2: 914 daAuts
     D:1: 843 daAuts
   Sewer: 264 daAuts
     D:3: 211 daAuts
